 Dungeon Crawl Stone Soup version 0.31-a0-325-g067879e3d3 (webtiles) character file.

Game seed: 5269673832585785518

25522 AdnanSaban the Basher (level 13, -4/84 HPs)
             Began as a Gargoyle Fighter on July 18, 2023.
             Was the Champion of Okawaru.
             Slain by a death yak (17 damage)
             ... on level 1 of the Lair of Beasts.
             The game lasted 00:26:12 (12881 turns).

AdnanSaban the Basher (Gargoyle Fighter)           Turns: 12881, Time: 00:26:13

Health: -4/84      AC: 34    Str: 31    XL:     13   Next: 20%
Magic:  0/13       EV:  9    Int:  9    God:    Okawaru [******]
Gold:   732        SH:  0    Dex:  9    Spells: 12/12 levels left

rFire   . . .        O - +2 great mace (protect)
rCold   . . .        (shield currently unavailable)
rNeg    + . .        K - +3 chain mail {Will+}
rPois   ∞            (no helmet)
rElec   +            P - +0 cloak of the Unseen Realm {Rampage rElec Regen+ Stlth-}
rCorr   .            q - +0 pair of gloves
SInv    .            (no boots)
Will    +....        G - amulet of guardian spirit Stlth
                     m - +6 ring of strength
HPRegen 1.14/turn    B - ring of flight
MPRegen 0.13/turn

%: guardian spirit, rampage
@: under a protective aura, flying, studying Stealth
A: sickness immunity, AC +9, negative energy resistance 1, electricity
resistance, torment resistance 1, petrification resistance
a: Renounce Religion, Heroism, Finesse, Duel


You were on level 1 of the Lair of Beasts.
You worshipped Okawaru.
Okawaru was exalted by your worship.
You visited 3 branches of the dungeon, and saw 16 of its levels.

You collected 732 gold pieces.

Inventory:

Hand Weapons
 y - a +2 whip of flaming
 z - a +2 flail of protection
 O - a +2 great mace of protection (weapon)
Armour
 c - a +0 buckler
 q - a +0 pair of gloves (worn)
 K - a +3 chain mail of willpower (worn)
 P - the +0 cloak of the Unseen Realm (worn) {Rampage rElec Regen+ Stlth-}
   (Okawaru gifted it to you on level 2 of the Lair of Beasts)

   rElec:     It insulates you from electricity.
   Regen:     It increases your rate of health regeneration.
   Rampage:   It bestows one free step when moving towards enemies.
   Stlth:     It makes you less stealthy.
Jewellery
 f - a ring of fire
 m - a +6 ring of strength (left hand)
 t - the amulet of Memadeudo {Faith Dex+3}
   (You found it on level 4 of the Dungeon)

   [amulet of faith]

   It allows you to gain divine favour quickly.
   Dex:       It affects your dexterity (+3).
 B - a ring of flight (right hand)
 G - an amulet of guardian spirit (around neck)
Wands
 r - a wand of iceblast (9)
 H - a wand of paralysis (10)
 I - a wand of light (14)
 M - a wand of flame (13)
Scrolls
 a - 8 scrolls of identify {unknown}
 e - a scroll of immolation {unknown}
 i - 5 scrolls of poison {unknown}
 j - 3 scrolls of fear {unknown}
 k - a scroll of summoning {unknown}
 l - a scroll of vulnerability {unknown}
 s - 6 scrolls of teleportation {unknown}
 u - a scroll of revelation {unknown}
 v - a scroll of silence {unknown}
 C - a scroll of enchant armour {unknown}
 J - 2 scrolls of noise {unknown}
 L - 2 scrolls of amnesia {unknown}
 N - 2 scrolls of fog {unknown}
Potions
 b - 6 potions of attraction
 d - 6 potions of might
 g - 4 potions of curing
 h - 3 potions of enlightenment {unknown}
 n - 4 potions of heal wounds {unknown}
 o - 2 potions of resistance {unknown}
 p - a potion of cancellation {unknown}
 w - 2 potions of brilliance {unknown}
 x - 2 potions of ambrosia {unknown}
 A - a potion of invisibility {unknown}
 D - a potion of haste {unknown}
 E - 2 potions of berserk rage {unknown}
 F - a potion of degeneration {unknown}


   Skills:
 + Level 11.3 Fighting
 + Level 14.8 Maces & Flails
 + Level 11.7 Armour
 + Level 9.7 Shields


You had 12 spell levels left.
You didn't know any spells.
Your spell library contained the following spells:

 Spells                   Type           Power      Damage    Failure   Level
 Shock                    Conj/Air       0%         1d3       77%         1
 Blink                    Tloc           0%         N/A       88%         2
 Lesser Beckoning         Tloc           0%         N/A       88%         2
 Momentum Strike          Conj/Tloc      0%         3d8       88%         2
 Static Discharge         Conj/Air       0%         2-2/arc   88%         2
 Stone Arrow              Conj/Erth      0%         3d7       98%         3
 Swiftness                Air            0%         N/A       98%         3
 Vhi's Electric Charge    Tloc/Air       0%         N/A       98%         3
 Airstrike                Air            0%         2d(0-16)  100%        4
 Anguish                  Hex/Necr       0%         N/A       100%        4
 Cause Fear               Hex            0%         N/A       100%        4
 Arcjolt                  Conj/Air       0%         1d10      100%        5
 Enfeeble                 Hex            0%         N/A       100%        7
 Borgnjor's Revivificati  Necr           0%         N/A       100%        8
 Lehudib's Crystal Spear  Conj/Erth      0%         10d2      100%        8
 Maxwell's Capacitive Co  Air            0%         ∞         100%        8
 Chain Lightning          Conj/Air       0%         N/A       100%        9
 Death's Door             Necr           0%         N/A       100%        9
 Fire Storm               Conj/Fire      0%         5d1       100%        9
 Shatter                  Erth           0%         3d5*      100%        9
 Animate Armour           Summ/Erth      Unusable   N/A       N/A         4
 Summon Lightning Spire   Summ/Air       Unusable   N/A       N/A         4
 Haunt                    Necr/Summ      Unusable   N/A       N/A         7

Dungeon Overview and Level Annotations

Branches:
Dungeon (13/15)            Temple (1/1) D:4            Lair (2/5) D:9
    Orc (0/2) D:11
  Swamp: Lair:2-3    Shoals: Lair:2-3     Snake: Lair:2-3    Spider: Lair:2-3
 Vaults: D:13-14

Altars:
Ashenzari
Cheibriados
Dithmenos
Elyvilon
Fedhas
Gozag
Hepliaklqana
Kikubaaqudgha
Makhleb
Nemelex Xobeh
Okawaru
Qazlal
Ru
Sif Muna
Trog
Uskayaw
Vehumet
Wu Jian
Xom
Yredelemnul
Zin
The Shining One

Annotations:
D:4 Natasha


Innate Abilities, Weirdness & Mutations

You are immune to sickness and miasma.
Your stone body is resilient. (AC +9)
You are immune to poison.
You resist negative energy. (rN+)
You are resistant to electric shocks. (rElec)
You are resistant to unholy torment.
You are immune to petrification.


Message History

* * * LOW HITPOINT WARNING * * *
The death yak barely misses you.
You fail to use your ability.
The death yak gores you.
* * * LOW HITPOINT WARNING * * *
The death yak closely misses you.
You bludgeon the death yak!!
The death yak is almost dead.
The death yak misses you.
The death yak gores you but does no damage.
You sock the death yak!
You kill the death yak!
Okawaru accepts your kill. The death yak closely misses you.
You barely miss the death yak. The death yak barely misses you.
You barely miss the death yak.
The death yak gores you but does no damage.
You hit the death yak.
The death yak is lightly wounded.
The death yak gores you!!
* * * LOW HITPOINT WARNING * * *
You barely miss the death yak.
The death yak is lightly wounded.
The death yak misses you.
You hit the death yak but do no damage.
The death yak is lightly wounded.
The death yak gores you.
* * * LOW HITPOINT WARNING * * *
You hit the death yak but do no damage.
The death yak is lightly wounded.
The death yak gores you!
* * * LOW HITPOINT WARNING * * *
You feel better.
The death yak gores you but does no damage.
You bludgeon the death yak!!
The death yak is moderately wounded.
The death yak gores you but does no damage.
You bludgeon the death yak!!
The death yak is severely wounded.
The death yak gores you!
You die...

..# #.#.##
#.###### ..#
#...### ##.##
#.# #.#...#
##.#.## ..#
#.###.#
#.#.#.# #.##
#.# #.##
##.#.##
#..###.# #.P#
#..## P.###..#
#.## #.##
#.####.# #(#
#YP# #..##..#
#.# ##@##
..###..# #.##
#...# .......#
#..###..##
#.#.####
#...###.#####
#.###
#.>.........##
#..##
#...###.###..#
##..#
#.P..#..###.##
#.##
#.#.###.##..#
#.#
##...###..##.#


You could see a death yak.

Vanquished Creatures
  Rupert (D:12)
  4 two-headed ogres
  Erica (D:9)
  A boulder beetle (D:12)
  2 death yaks (Lair:1)
  Sonja (Lair:2)
  A deep elf pyromancer (D:12)
  A cyclops (D:12)
  3 ugly things (D:10)
  2 gargoyles
  A black mamba (Lair:1)
  5 cane toads
  Psyche (D:9)
  A kobold demonologist (D:11)
  A rime drake (Lair:2)
  3 komodo dragons (Lair:1)
  The ghost of syranez the Ducker, a novice DjFE (D:4)
  3 trolls
  2 hornets
  Grinder (D:4)
  6 dream sheep (D:9)
  A slime creature (D:7)
  Sigmund (D:2)
  5 shadows
  19 yaks
  Eustachio (D:6)
  2 vampires
  A wraith (D:11)
  4 vampire mosquitoes (D:12)
  A steam dragon (D:10)
  Menkaure (D:4)
  Edmund (D:5)
  3 acid dragons
  7 water moccasins
  2 sky beasts
  2 orc warriors
  3 black bears
  An ice beast (D:7)
  4 wolves (Lair:2)
  11 centaurs
  A phantom (D:4)
  A kobold brigand (D:7)
  13 bullfrogs
  5 wights (D:10)
  A scorpion (D:5)
  6 killer bees
  A howler monkey (D:12)
  4 orc priests
  5 hounds
  3 gnoll boudas
  A bullfrog skeleton (D:4)
  2 iguanas (D:4)
  6 orc wizards
  Natasha (D:4)
  10 gnolls
  A howler monkey skeleton (D:4)
  7 adders
  A shadow imp (D:4)
  2 ufetubi
  A worm (D:2)
  4 dart slugs
  26 orcs
  8 ball pythons
  10 bats
  10 endoplasms
  A giant cockroach (D:3)
  6 hobgoblins
  13 kobolds
  4 quokkas
  5 frilled lizards
  8 goblins
  8 rats
287 creatures vanquished.

Notes
Turn   | Place    | Note
-------+----------+-------------------------------------------
     0 | D:1      | AdnanSaban the Gargoyle Fighter began the quest for the
                  | Orb.
     0 | D:1      | Reached XP level 1. HP: 14/14 MP: 1/1
   221 | D:1      | Reached XP level 2. HP: 19/19 MP: 2/2
   313 | D:1      | Found a faded altar of an unknown god.
   412 | D:1      | Reached XP level 3. HP: 11/23 MP: 3/3
   844 | D:2      | Noticed Sigmund
  1088 | D:2      | Reached XP level 4. HP: 29/29 MP: 4/4
  1101 | D:2      | Reached skill level 3 in Maces & Flails
  1335 | D:2      | Killed Sigmund
  1336 | D:2      | Reached skill level 4 in Maces & Flails
  1336 | D:2      | Reached XP level 5. HP: 27/33 MP: 5/5
  1336 | D:2      | Reached XP level 6. HP: 31/38 MP: 6/6
  1819 | D:3      | Reached skill level 5 in Maces & Flails
  1924 | D:4      | Found a transporter.
  1925 | D:4      | Noticed syranez's ghost (novice DjFE)
  2015 | D:4      | Identified the amulet of Memadeudo {Faith Dex+3}
  2066 | D:4      | Reached XP level 7. HP: 44/44 MP: 7/7
  2240 | D:4      | Found a staircase to the Ecumenical Temple.
  2256 | Temple   | Entered the Ecumenical Temple
  2284 | Temple   | Became a worshipper of Warmaster Okawaru
  2405 | D:4      | Reached skill level 6 in Maces & Flails
  2618 | D:4      | Noticed Menkaure
  2627 | D:4      | Killed Menkaure
  2919 | D:4      | Noticed Natasha
  2925 | D:4      | Killed Natasha
  2926 | D:4      | Reached skill level 5 in Armour
  2952 | D:4      | Noticed Grinder
  2956 | D:4      | Paralysed by Grinder for 3 turns
  2963 | D:4      | Paralysed by Grinder for 3 turns
  2968 | D:4      | Killed Grinder
  2968 | D:4      | Reached * piety under Okawaru
  2969 | D:4      | Reached skill level 5 in Fighting
  2969 | D:4      | Reached skill level 7 in Maces & Flails
  2969 | D:4      | Reached XP level 8. HP: 21/49 MP: 8/8
  3093 | D:4      | Found a transporter.
  3145 | D:4      | Killed syranez's ghost
  3146 | D:4      | Reached skill level 5 in Shields
  3146 | D:4      | Noticed Natasha
  3240 | D:5      | Entered Level 5 of the Dungeon
  3268 | D:5      | Noticed Edmund
  3286 | D:5      | Killed Edmund
  3294 | D:5      | Reached ** piety under Okawaru
  3431 | D:5      | Reached skill level 8 in Maces & Flails
  3606 | D:5      | Reached XP level 9. HP: 52/55 MP: 9/9
  3699 | D:5      | Found a broken altar of Ashenzari.
  3728 | D:5      | Found a stormy altar of Qazlal.
  3728 | D:5      | Found a glowing golden altar of the Shining One.
  4029 | D:6      | Found a blossoming altar of Fedhas.
  4073 | D:6      | Noticed Eustachio
  4090 | D:6      | Killed Eustachio
  4245 | D:6      | Reached skill level 9 in Maces & Flails
  4610 | D:7      | Noticed a hornet
  4645 | D:6      | Killed a hornet
  4911 | D:7      | Found a hide-covered altar of Uskayaw.
  4919 | D:7      | Reached *** piety under Okawaru
  5054 | D:8      | Identified the +11 trident "Jumuemuf" {freeze, Str+5}
  5133 | D:7      | Reached skill level 10 in Maces & Flails
  5133 | D:7      | Reached XP level 10. HP: 51/61 MP: 10/10
  5714 | D:8      | Reached **** piety under Okawaru
  5791 | D:9      | Noticed Erica
  5809 | D:9      | Killed Erica
  5893 | D:9      | Noticed Psyche
  5903 | D:9      | Killed Psyche
  5982 | D:9      | Reached skill level 11 in Maces & Flails
  5998 | D:9      | Noticed a two-headed ogre
  6013 | D:9      | Found a staircase to the Lair.
  6922 | D:9      | Reached ***** piety under Okawaru
  6930 | D:9      | Reached XP level 11. HP: 68/68 MP: 11/11
  6942 | D:9      | Received a gift from Okawaru
  7013 | D:9      | Found the +5 robe of Night {Dark Will+ SInv}
  7534 | D:9      | Killed a two-headed ogre
  7674 | D:10     | Entered Level 10 of the Dungeon
  7839 | D:10     | Reached skill level 12 in Maces & Flails
  8002 | D:10     | Noticed a two-headed ogre
  8063 | D:10     | Killed a two-headed ogre
  8459 | D:10     | Found a shadowy altar of Dithmenos.
  8542 | D:10     | Reached skill level 10 in Armour
  8887 | D:11     | Noticed a sixfirhy
  8959 | D:11     | Found a staircase to the Orcish Mines.
  8964 | D:11     | Noticed a two-headed ogre
  8980 | D:11     | Killed a two-headed ogre
  9020 | D:11     | Noticed a green ugly thing
  9036 | D:11     | Noticed a two-headed ogre
  9051 | D:10     | Killed a green ugly thing
  9088 | D:10     | Killed a two-headed ogre
  9089 | D:10     | Reached XP level 12. HP: 38/77 MP: 4/12
  9177 | D:11     | Received a gift from Okawaru
  9311 | D:10     | Reached skill level 13 in Maces & Flails
  9867 | D:12     | Reached skill level 10 in Fighting
 10076 | D:12     | Noticed a boulder beetle
 10101 | D:12     | Killed a boulder beetle
 10498 | D:12     | Noticed Rupert
 10545 | D:12     | Killed Rupert
 10545 | D:12     | Received a gift from Okawaru
 11228 | Lair:1   | Entered Level 1 of the Lair of Beasts
 11421 | Lair:1   | Reached skill level 14 in Maces & Flails
 12382 | Lair:2   | Reached XP level 13. HP: 76/84 MP: 11/13
 12532 | Lair:2   | Reached ****** piety under Okawaru
 12563 | Lair:2   | Noticed Sonja
 12593 | Lair:2   | Killed Sonja
 12593 | Lair:2   | Identified the +0 cloak of the Unseen Realm {Rampage rElec
                  | Regen+ Stlth-} (Okawaru gifted it to you on level 2 of the
                  | Lair of Beasts)
 12593 | Lair:2   | Received a gift from Okawaru
 12878 | Lair:1   | HP: 3/84 [death yak (9)]
 12881 | Lair:1   | Slain by a death yak

Illustrated notes

Levels and vault maps discovered:
D:1:      minmay_arrival_wavy_path, layout_rooms,
          hellmonk_ecumenical_altar_leap_of_faith, grunt_decor_cap,
          minmay_small_reverse_x
D:2:      layout_rooms, minmay_misc_feat_secret_circle, uniq_sigmund
D:3:      layout_rooms
D:4:      layout_loops_ring, minmay_temple_entry_glassed_door,
          gammafunk_ghost_mausoleum, uniq_natasha, uniq_grinder, uniq_menkaure
D:5:      layout_cave_pools, nicolae_ashenzari_skybound, jmf_multi_god_temple,
          uniq_edmund
D:6:      layout_gridville, mainiacjoe_overflow_catwalk, chequers_jeans,
          uniq_eustachio
D:7:      layout_cave_pools, nicolae_uskayaw_dance_studio, minmay_manual_mail
D:8:      layout_cave_pools, nicolae_lava_and_water
D:9:      layout_stronghold, grunt_lair_entry_orc_guard_hut, enter_bailey_5,
          minivault_19, nrook_campfire, dk_noncrumbling_2,
          hangedman_abyss_or_decor_lesser_grid, hellmonk_guarded_unrand_night,
          uniq_erica, uniq_psyche
D:10:     layout_irregular_city, mainiacjoe_overflow_brackets,
          serial_park_tiny_2
D:11:     layout_rooms, orc_0_dummy
D:12:     layout_basic, minmay_misc_feat_five, nzn_sisyphean_effort, uniq_rupert
D:13:     layout_irregular_city, gauntlet_entry_generic
Temple:   regret_index_temple_sphere_string
Lair:1:   layout_loops_ring, minivault_27, infiniplex_staircase_pool_2
Lair:2:   layout_hall_layers, minmay_shoals_entry_hut,
          gammafunk_ghost_necromancy, beast_lair_carwin_6, uniq_sonja

Skill      XL: |  1  2  3  4  5  6  7  8  9 10 11 12 |
---------------+-------------------------------------+-----
Maces & Flails | 4 5 7 8 10 11 12 14 | 14.8
Fighting       | 4 5 6 8 9 11 | 11.3
Armour         | 4 5 6 7 9 10 11 | 11.7
Shields        | 4 5 6 7 8 9 |  9.7

Action                     |  1- 3 |  4- 6 |  7- 9 | 10-12 | 13-15 || total
---------------------------+-------+-------+-------+-------+-------++-------
  Melee: Flail             |   146 |   111 |   388 |   675 |       ||  1320
         Great mace        |       |       |       |    88 |    77 ||   165
 Invoke: Heroism           |       |       |       |     1 |       ||     1
    Use: Potion            |       |       |       |     6 |     1 ||     7
 Armour: Scale mail        |    20 |       |       |       |       ||    20
         Chain mail        |    97 |    72 |   322 |   430 |    68 ||   989
         Plate armour      |       |       |       |   154 |       ||   154
  Dodge: Dodged            |    68 |    65 |   186 |   309 |    44 ||   672
  Block: Buckler           |    46 |    31 |   125 |   172 |       ||   374

Table legend: (Time is in decaauts)
 A = Elapsed time spent in this place.
 B = Non-inter-level travel time spent in this place.
 C = Inter-level travel time spent in this place.
 D = Time resting spent in this place.
 E = Time spent auto-exploring this place.
 F = Levels seen in this place.
 G = Mean time per level.
                   A        B        C        D        E       F      G
               +--------+--------+--------+--------+--------+-----+--------+
         Total |  12879 |  12004 |    875 |   1105 |   8103 |  16 |  804.9 |
       Dungeon |  11172 |  10364 |    808 |    771 |   7093 |  13 |  859.4 |
        Temple |     54 |      7 |     47 |      0 |      0 |   1 |   54.0 |
          Lair |   1653 |   1634 |     19 |    334 |   1010 |   2 |  826.5 |
               +--------+--------+--------+--------+--------+-----+--------+

Top non-repeatable levels by time:
     D:9: 1696 daAuts
    D:12: 1445 daAuts
     D:4: 1298 daAuts
    D:10: 1280 daAuts
  Lair:1: 1269 daAuts
     D:8: 1005 daAuts
     D:1: 791 daAuts
     D:5: 709 daAuts
     D:2: 700 daAuts
    D:11: 686 daAuts
     D:6: 556 daAuts
     D:7: 519 daAuts
     D:3: 482 daAuts
  Lair:2: 383 daAuts
  Temple: 54 daAuts
